 Dungeon Crawl Stone Soup version 0.28-a0-983-g1de4e0787c (webtiles) character file.

Game seed: 5743483289341805738

399 HessuHobo the Conjurer (level 6, -12/45 HPs)
             Began as a Draconian Conjurer on Dec 3, 2021.
             Was a Priest of Lugonu.
             Mangled by an ogre (19 damage)
             ... on level 5 of the Dungeon.
             The game lasted 00:09:21 (5857 turns).

HessuHobo the Conjurer (Draconian Conjurer)         Turns: 5857, Time: 00:09:21

Health: -12/45     AC:  8    Str: 10    XL:     6   Next: 53%
Magic:  4/13       EV: 11    Int: 20    God:    Lugonu [***...]
Gold:   152        SH:  4    Dex:  9    Spells: 13/14 levels left

rFire   . . .      SeeInvis .   a - +0 war axe
rCold   . . .      Faith    .   p - +2 buckler {rN+}
rNeg    + + .      Spirit   .   (armour unavailable)
rPois   .          Reflect  .   (helmet restricted)
rElec   .          Harm     .   j - +1 cloak
rCorr   .          Rampage  .   (no gloves)
Will    .....                   (no boots)
Stlth   ++........              (no amulet)
HPRegen 0.15/turn               k - ring of positive energy
MPRegen 0.13/turn               (no ring)

@: no status effects
A: AC +6, unfitting armour, cold-blooded
a: Renounce Religion, Depart the Abyss, Bend Space, Banish


You were on level 5 of the Dungeon.
You worshipped Lugonu.
Lugonu was most pleased with you.
You visited 1 branch of the dungeon, and saw 5 of its levels.

You collected 152 gold pieces.

Inventory:

Hand Weapons
 a - a +0 war axe (weapon)
 b - a +0 short sword
 q - a +0 spear
Missiles
 g - 8 poisoned darts
Armour
 j - a +1 cloak (worn)
 p - a +2 buckler of positive energy (worn)
Magical Staves
 r - a staff of earth
Jewellery
 k - a ring of positive energy (left hand)
Wands
 i - a wand of iceblast (5)
Scrolls
 d - a scroll of identify {unknown}
 f - 2 scrolls of vulnerability {unknown}
 l - a scroll of noise {unknown}
 m - a scroll of magic mapping {unknown}
 o - 2 scrolls of teleportation {unknown}
Potions
 c - a potion of heal wounds {unknown}
 e - 2 potions of brilliance {unknown}
 h - a potion of flight {unknown}
 n - 2 potions of mutation {unknown}


   Skills:
 - Level 1.7 Dodging
 - Level 1.7 Stealth
 + Level 4.7 Spellcasting
 + Level 6.3 Conjurations


You had 13 spell levels left.
You knew the following spells:

 Your Spells              Type           Power      Damage    Failure   Level
a - Magic Dart            Conj           100%       1d8       1%          1

Your spell library contained the following spells:

 Spells                   Type           Power      Damage    Failure   Level
 Searing Ray              Conj           58%        2d6       2%          2
 Dazzling Flash           Conj/Hex       34%        N/A       16%         3
 Mephitic Cloud           Conj/Pois/Air  13%        N/A       26%         3
 Call Imp                 Summ           4%         N/A       30%         2
 Corpse Rot               Necr/Air       8%         N/A       30%         2
 Fulminant Prism          Conj/Hex       8%         3d7       47%         4
 Iskenderun's Mystic Bla  Conj/Tloc      17%        2d5       47%         4
 Dispel Undead            Necr           4%         3d7       89%         4
 Death Channel            Necr           2%         N/A       100%        6


Dungeon Overview and Level Annotations

Branches:
Dungeon (5/15)
 Temple: D:4-7

Altars:
Lugonu


Innate Abilities, Weirdness & Mutations

Your plain brown scales are hard. (AC +6)
You cannot fit into any form of body armour.
You are cold-blooded and may be slowed by cold attacks.


Message History

Confirm with . or Enter, or press ? or * to list all spells.
Aiming: Magic Dart (safe; 1% risk of failure)
Press: ? - help, Shift-Dir - straight line, f/p - ogre
Aim: an ogre, wielding a +0 giant club (heavily wounded, 100% to hit)
The magic dart hits the ogre but does no damage.
The ogre is heavily wounded.
You block the ogre's attack.
Casting: Magic Dart (safe; 1% risk of failure)
Confirm with . or Enter, or press ? or * to list all spells.
Aiming: Magic Dart (safe; 1% risk of failure)
Press: ? - help, Shift-Dir - straight line, f/p - ogre
Aim: an ogre, wielding a +0 giant club (heavily wounded, 100% to hit)
The magic dart hits the ogre.
The ogre is heavily wounded.
The ogre hits you with a +0 giant club!
Casting: Magic Dart (safe; 1% risk of failure)
Confirm with . or Enter, or press ? or * to list all spells.
Aiming: Magic Dart (safe; 1% risk of failure)
Press: ? - help, Shift-Dir - straight line, f/p - ogre
Aim: an ogre, wielding a +0 giant club (heavily wounded, 100% to hit)
The magic dart hits the ogre.
The ogre is severely wounded.
Casting: Magic Dart (safe; 1% risk of failure)
Confirm with . or Enter, or press ? or * to list all spells.
Aiming: Magic Dart (safe; 1% risk of failure)
Press: ? - help, Shift-Dir - straight line, f/p - ogre
Aim: an ogre, wielding a +0 giant club (severely wounded, 100% to hit)
The magic dart hits the ogre.
The ogre is almost dead.
The ogre hits you with a +0 giant club!!
* * * LOW HITPOINT WARNING * * *
Casting: Magic Dart (safe; 1% risk of failure)
Confirm with . or Enter, or press ? or * to list all spells.
Aiming: Magic Dart (safe; 1% risk of failure)
Press: ? - help, Shift-Dir - straight line, f/p - ogre
Aim: an ogre, wielding a +0 giant club (almost dead, 100% to hit)
The magic dart hits the ogre.
The ogre is almost dead.
The ogre hits you with a +0 giant club!!
You die...

#.# #.# #.#
#.###+##
#......#
#......#
#<.....#
#####......#
#.@.......#..
#O###.....#
#. #.....# #.
####### #. #.
#. #.


You could see an ogre.

Vanquished Creatures
  An ogre (D:4)
  A gnoll sergeant (D:4)
  A jelly (D:4)
  A centaur skeleton (D:3)
  An iguana (D:4)
  A hound skeleton (D:3)
  3 gnolls
  3 adders
  2 worms (D:2)
  A dart slug (D:1)
  10 orcs
  8 ball pythons
  6 endoplasms
  A giant cockroach (D:3)
  7 goblins
  12 hobgoblins
  A jackal (D:1)
  4 quokkas
  7 bats
  5 frilled lizards
  6 kobolds
  6 rats
88 creatures vanquished.

Vanquished Creatures (others)
  3 fungi (D:2)
  4 plants (D:2)
7 creatures vanquished.

Grand Total: 95 creatures vanquished

Notes
Turn   | Place    | Note
-------+----------+-------------------------------------------
     0 | D:1      | HessuHobo the Draconian Conjurer began the quest for the
                  | Orb.
     0 | D:1      | Reached XP level 1. HP: 14/14 MP: 3/3
   262 | D:1      | Reached XP level 2. HP: 9/20 MP: 0/5
  1416 | D:2      | Reached XP level 3. HP: 14/26 MP: 0/7
  1971 | D:2      | Found a faded altar of an unknown god.
  2065 | D:2      | Prayed at the altar of an unknown god.
  2065 | D:2      | Became a worshipper of Lugonu the Unformed
  2065 | D:2      | Reached * piety under Lugonu
  2065 | D:2      | Reached ** piety under Lugonu
  2764 | D:2      | Reached XP level 4. HP: 33/33 MP: 4/8
  3218 | D:3      | Reached skill level 5 in Conjurations
  3819 | D:3      | Reached XP level 5. HP: 35/38 MP: 1/10
  3910 | D:3      | Reached *** piety under Lugonu
  4757 | D:4      | Noticed an ogre
  4758 | D:4      | Identified the +0 leather armour of Reason {rElec rCorr
                  | Str-3 Stlth+}
  4773 | D:4      | Killed an ogre
  5045 | D:4      | Reached XP level 6. HP: 45/45 MP: 6/12
  5103 | D:3      | Reached skill level 6 in Conjurations
  5842 | D:5      | Entered Level 5 of the Dungeon
  5857 | D:5      | Mangled by an ogre

Illustrated notes

Levels and vault maps discovered:
D:1:      wander_arrival_estate, layout_basic, minmay_cupped
D:2:      layout_loops_ring, shapermc_ecumenical_altar_mp_urbaneastern,
          st_stairs_12, minmay_pentomino_v2
D:3:      layout_basic, kennysheep_boxes
D:4:      layout_cave_pools
D:5:      layout_basic, abandoned_shop

Skill      XL: |  1  2  3  4  5  6 |
---------------+-------------------+-----
Spellcasting   | 3 4 |  4.7
Conjurations   | 5 6 |  6.3
Dodging        | |  1.7
Stealth        | |  1.7

Action                   |  1- 3 |  4- 6 || total
-------------------------+-------+-------++-------
Melee: Unarmed           |    22 |       ||    22
       Tailslap          |     5 |       ||     5
       War axe           |    18 |       ||    18
 Cast: Magic Dart        |    98 |   131 ||   229
Armor: Skin              |    18 |    15 ||    33
Dodge: Dodged            |    57 |    20 ||    77
Block: Buckler           |       |     2 ||     2

Table legend: (Time is in decaauts)
 A = Elapsed time spent in this place.
 B = Non-inter-level travel time spent in this place.
 C = Inter-level travel time spent in this place.
 D = Time resting spent in this place.
 E = Time spent auto-exploring this place.
 F = Levels seen in this place.
 G = Mean time per level.
                   A        B        C        D        E       F      G
               +--------+--------+--------+--------+--------+-----+--------+
         Total |   5868 |   5697 |    171 |   2500 |   2232 |   5 | 1173.6 |
       Dungeon |   5868 |   5697 |    171 |   2500 |   2232 |   5 | 1173.6 |
               +--------+--------+--------+--------+--------+-----+--------+

Top non-repeatable levels by time:
     D:3: 1756 daAuts
     D:1: 1562 daAuts
     D:2: 1517 daAuts
     D:4: 1016 daAuts
     D:5: 14 daAuts
